 Dungeon Crawl Stone Soup version 0.30-a0-305-g026cb31310 (webtiles) character file.

Game seed: 7642567209774840157

616 billz999 the Transmogrifier (level 7, -8/46 HPs)
             Began as a Vampire Earth Elementalist on Oct 23, 2022.
             Killed by divine providence
             ... invoked by an orc priest
              (17 damage)
             ... on level 4 of the Dungeon.
             The game lasted 00:05:37 (2370 turns).

billz999 the Transmogrifier (VpEE)                  Turns: 2370, Time: 00:05:38

Health: -8/46      AC: 10    Str:  6 (7)  XL:     7   Next: 21%
Magic:  0/10       EV: 12    Int: 25 (27) God:
Gold:   170        SH:  0    Dex:  8 (10) Spells: 5/10 levels left

rFire   + . .      SeeInvis +    d - +0 dagger
rCold   + . .      Faith    .    (no shield)
rNeg    . . .      Spirit   .    n - +4 robe "Roczixt" {Int+8 Dex-5}
rPois   +          Reflect  .    m - +2 hat
rElec   +          Harm     .    (no cloak)
rCorr   +          Rampage  .    t - +0 pair of gloves
Will    .....                    k - +0 pair of boots
Stlth   ++........               (no amulet)
HPRegen 0.47/turn                e - ring of wizardry
MPRegen 0.12/turn                (no ring)

@: brilliant, resistant, attractive, healing quickly
A: alive, fangs 3, see invisible, vampiric 2
a: Exsanguinate


You were on level 4 of the Dungeon.
You visited 1 branch of the dungeon, and saw 4 of its levels.

You collected 170 gold pieces.

Inventory:

Hand Weapons
 d - a +0 dagger (weapon)
Armour
 a - a +0 robe
 f - a +0 helmet
 k - a +0 pair of boots (worn)
 m - a +2 hat (worn)
 n - the +4 robe "Roczixt" (worn) {Int+8 Dex-5}
   (You found it on level 2 of the Dungeon)

   Int:       It affects your intelligence (+8).
   Dex:       It affects your dexterity (-5).
 t - a +0 pair of gloves (worn)
Jewellery
 e - a ring of wizardry (left hand)
 h - a ring of ice
 j - a ring of protection from cold
 l - a ring of flight
Scrolls
 c - 4 scrolls of poison {unknown}
 g - 7 scrolls of identify {unknown}
 i - a scroll of vulnerability {unknown}
 o - 3 scrolls of teleportation {unknown}
Potions
 b - 2 potions of magic
 p - a potion of degeneration


   Skills:
 + Level 2.4 Dodging
 + Level 3.3 Stealth
 - Level 2.0 Spellcasting
 - Level 8.4 Transmutations
 - Level 3.0 Earth Magic


You had 5 spell levels left.
You knew the following spells:

 Your Spells              Type           Power      Damage    Failure   Level
a - Sandblast             Erth           52%        2d12      1%          1
b - Petrify               Tmut/Erth      46%        N/A       4%          4

Your spell library contained the following spells:

 Spells                   Type           Power      Damage    Failure   Level
 Passwall                 Tmut/Erth      38%        N/A       1%          2
 Kiss of Death            Conj/Necr      12%        2d6       4%          1
 Stone Arrow              Conj/Erth      30%        3d8       8%          3
 Confusing Touch          Hex            3%         N/A       13%         3
 Dazzling Flash           Conj/Hex       6%         N/A       13%         3
 Dispel Undead            Necr           3%         3d7       38%         4
 Iskenderun's Mystic Bla  Conj/Tloc      3%         2d3       38%         4
 Starburst                Conj/Fire      1%         6d3       99%         6


Dungeon Overview and Level Annotations

Branches:
Dungeon (4/15)
 Temple: D:4-7

Altars:
Hepliaklqana
Sif Muna
Trog

Shops:
D:1 :

Annotations:
D:2 1 runed translucent door, Crazy Yiuf


Innate Abilities, Weirdness & Mutations

Your natural rate of healing is accelerated.
You have razor-sharp teeth.
You have supernaturally acute eyesight. (SInv)
You are afflicted with vampirism and can become a bat while bloodless.


Message History

It was a potion of brilliance.
You feel clever all of a sudden.
The orc priest begins to cast a cantrip, but forgets the words!
You hit the orc priest but do no damage.
The orc priest is almost dead.
The orc priest invokes the aid of Beogh against you.
Beogh smites you!
* * * LOW HITPOINT WARNING * * *
You barely miss the orc priest. Your bite misses the orc priest.
The orc priest is almost dead.
The orc priest hits you but does no damage.
Casting: Sandblast (safe; 1% risk of failure)
Confirm with . or Enter, or press ? or * to list all spells.
Aiming: Sandblast (safe; 1% risk of failure)
Press: ? - help, Shift-Dir - straight line, f/p - orc priest
Aim: an orc priest, wielding a +1 short sword of protection (almost dead, 83% to hit)
You feel a surge of power!
The blast of sand hits the orc priest.
The orc priest is almost dead.
The orc priest closely misses you.
It was a potion of curing.
You feel better. The orc priest barely misses you.
You hit the orc priest but do no damage.
The orc priest is almost dead.
The orc priest hits you with a +1 short sword of protection.
* * * LOW HITPOINT WARNING * * *
You closely miss the orc priest.
The orc priest is almost dead.
The orc priest mumbles some strange prayers to Beogh against you.
You struggle to resist.
You hit the orc priest but do no damage.
The orc priest is almost dead.
The orc priest misses you.
You closely miss the orc priest.
The orc priest is almost dead.
The orc priest hits you with a +1 short sword of protection.
* * * LOW HITPOINT WARNING * * *
You hit the orc priest.
The orc priest is almost dead.
The orc priest mumbles some strange prayers to Beogh against you.
Beogh smites you!
You die...

..# #.# ### #.# ..# #.#
..# # #.# ..#
#.#.########## ..#
#.#.##........ ..#######
#...@ow....... ....†...#
###.##w....... ..#####.#
#...##........ ### #.#
#.####w.)..... #.# #.#
#..)..... #.# #.#
#....$... #######.#####.#
#........
..............####........
######..........##........


You could see 2 worms and an orc priest.

Vanquished Creatures
  Grinder (D:3)
  Sigmund (D:2)
  A hound (D:3)
  An orc priest (D:4)
  Natasha (twice) (D:3)
  5 gnolls
  2 adders
  2 worms (D:2)
  2 dart slugs
  An orc (D:4)
  5 endoplasms
  6 goblins
  7 hobgoblins
  3 kobolds
  4 quokkas
  4 ball pythons
  6 bats
  4 rats (D:1)
57 creatures vanquished.

Notes
Turn   | Place    | Note
-------+----------+-------------------------------------------
     0 | D:1      | billz999 the Vampire Earth Elementalist began the quest for
                  | the Orb.
     0 | D:1      | Reached XP level 1. HP: 13/13 MP: 3/3
    40 | D:1      | Reached skill level 2 in Transmutations
    96 | D:1      | Reached XP level 2. HP: 19/19 MP: 0/5
   305 | D:1      | Found Ninyvucs's Vocational Training.
   334 | D:1      | Reached skill level 3 in Transmutations
   522 | D:1      | Gained mutation: You are afflicted with vampirism and can
                  | become a bat while bloodless. [Vampire growth]
   522 | D:1      | Reached XP level 3. HP: 24/24 MP: 3/6
   935 | D:2      | Found a faded altar of an unknown god.
   939 | D:2      | Reached skill level 4 in Transmutations
   979 | D:2      | Identified the +4 robe "Roczixt" {Int+8 Dex-5}
   992 | D:2      | Noticed Sigmund
  1000 | D:2      | Killed Sigmund
  1001 | D:2      | Reached skill level 6 in Transmutations
  1001 | D:2      | Reached XP level 4. HP: 27/30 MP: 1/7
  1001 | D:2      | Reached XP level 5. HP: 31/35 MP: 1/8
  1289 | D:2      | Found a runed translucent door.
  1290 | D:2      | Noticed Crazy Yiuf
  1553 | D:3      | Reached XP level 6. HP: 37/41 MP: 6/9
  1665 | D:3      | Noticed Grinder
  1687 | D:3      | Paralysed by Grinder for 3 turns
  1690 | D:3      | Killed Grinder
  1691 | D:3      | Reached skill level 8 in Transmutations
  1818 | D:3      | Found a hazy altar of Hepliaklqana.
  1850 | D:3      | Noticed Natasha
  1852 | D:3      | Killed Natasha
  1853 | D:3      | Reached XP level 7. HP: 46/46 MP: 7/10
  1889 | D:3      | Found a bloodstained altar of Trog.
  1975 | D:3      | Found a shimmering blue altar of Sif Muna.
  2119 | D:3      | Noticed Natasha
  2124 | D:3      | Killed Natasha
  2264 | D:4      | Learned a level 4 spell: Petrify
  2370 | D:4      | Killed from afar by an orc priest

Illustrated notes

Levels and vault maps discovered:
D:1:      minmay_arrival_up_and_down, layout_rooms, nicolae_shop_vocational
D:2:      layout_rooms, basic_ecumenical_altar, nicolae_figureground_sparkle,
          uniq_crazy_yiuf_cottage, uniq_sigmund
D:3:      layout_rooms, nicolae_hepliaklqana_hazy_memory,
          mainiacjoe_overflow_24_doors, old_standard_altar,
          grunt_decor_junction, skrybe_limestone_x, corexii_shack, uniq_natasha,
          uniq_grinder
D:4:      due_chaos_kobolds, layout_basic, uniq_ijyb

Skill      XL: |  1  2  3  4  5  6 |
---------------+-------------------+-----
Transmutations | 2 3 6 8 |  8.4
Dodging        | |  2.4
Stealth        | |  3.3
Spellcasting   | |  2.0
Earth Magic    | |  3.0

Action                   |  1- 3 |  4- 6 |  7- 9 || total
-------------------------+-------+-------+-------++-------
Melee: Unarmed           |     1 |       |       ||     1
       Dagger            |       |     1 |    19 ||    20
 Cast: Sandblast         |    47 |    29 |    31 ||   107
  Use: Potion            |       |       |     6 ||     6
Armor: Robe              |     2 |     1 |    12 ||    15
Dodge: Dodged            |     5 |     3 |    19 ||    27

Table legend: (Time is in decaauts)
 A = Elapsed time spent in this place.
 B = Non-inter-level travel time spent in this place.
 C = Inter-level travel time spent in this place.
 D = Time resting spent in this place.
 E = Time spent auto-exploring this place.
 F = Levels seen in this place.
 G = Mean time per level.
                   A        B        C        D        E       F      G
               +--------+--------+--------+--------+--------+-----+--------+
         Total |   2427 |   2295 |    132 |     48 |   1834 |   4 |  606.8 |
       Dungeon |   2427 |   2295 |    132 |     48 |   1834 |   4 |  606.8 |
               +--------+--------+--------+--------+--------+-----+--------+

Top non-repeatable levels by time:
     D:3: 833 daAuts
     D:2: 769 daAuts
     D:1: 697 daAuts
     D:4: 127 daAuts
